 Dungeon Crawl Stone Soup version 0.32-a0-859-gb0a091d592 (webtiles) character file.

Game seed: 17332705339037931847

140 Alarak the Sneak (level 5, -6/28 HPs)
             Began as a Vampire Enchanter on Mar 27, 2024.
             Killed from afar by Ijyb (32 damage)
             ... with a bolt of dispelling energy
             ... on level 3 of the Dungeon.
             The game lasted 00:09:48 (2280 turns).

Alarak the Sneak (Vampire Enchanter)                Turns: 2280, Time: 00:09:56

Health: -6/28      AC:  4    Str:  7    XL:     5   Next: 2%
Magic:  3/8        EV: 11    Int: 17    God:
Gold:   114        SH:  5    Dex: 17    Spells: 6/8 levels left

rFire   . . .        o - +0 dagger (venom)
rCold   + + .        (no shield)
rNeg    + + +        b - +0 robe
rPois   ∞            (no helmet)
rElec   .            d - scarf {harm}
rCorr   .            p - +0 pair of gloves
SInv    +            r - +0 pair of boots
Will    .....        e - amulet of reflection
Stlth   ++++++       l - ring of flight
HPRegen 0.00/turn    (no ring)
MPRegen 0.11/turn

%: harm (+30% outgoing, +20% incoming), reflection
@: flying, bloodless, inhibited regen
A: bloodless, fangs 3, see invisible, vampiric 2
a: Bat Form, Revivify


You were on level 3 of the Dungeon.
You visited 1 branch of the dungeon, and saw 3 of its levels.

You collected 114 gold pieces.

Inventory:

Hand Weapons
 a - a +1 dagger of protection
 o - a +0 dagger of venom (weapon)
Missiles
 i - 3 curare-tipped darts (quivered)
 j - 5 poisoned darts
Armour
 b - a +0 robe (worn)
 d - a scarf of harm (worn)
 h - a +0 ring mail
 p - a +0 pair of gloves (worn)
 r - a +0 pair of boots (worn)
Jewellery
 e - an amulet of reflection (around neck)
 l - a ring of flight (left hand)
Talismans
 m - a serpent talisman
Wands
 q - a wand of flame (9)
Scrolls
 k - a scroll of revelation {unknown}
 n - a scroll of enchant armour {unknown}
Potions
 c - 2 potions of invisibility
 f - a potion of brilliance {unknown}
 g - a potion of curing {unknown}


   Skills:
 - Level 2.3 Short Blades
 - Level 2.1 Dodging
 - Level 7.1 Stealth
 - Level 2.0 Spellcasting
 + Level 4.8 Hexes
 - Level 2.0 Ice Magic


You had 6 spell levels left.
You knew the following spells:

 Your Spells              Type           Power      Damage    Failure   Level
a - Ensorcelled Hibernat  Hex/Ice        26%        N/A       7%          2

Your spell library contained the following spells:

 Spells                   Type           Power      Damage    Failure   Level
 Confusing Touch          Hex            18%        N/A       8%          3
 Tukima's Dance           Hex            18%        N/A       8%          3
 Dazzling Flash           Conj/Hex       18%        N/A       22%         3
 Passwall                 Erth           1%         N/A       50%         3
 Swiftness                Air            1%         N/A       50%         3


Dungeon Overview and Level Annotations

Branches:
Dungeon (3/15)

Altars:

Annotations:
D:3 Ijyb, Terence


Innate Abilities, Weirdness & Mutations

You do not regenerate when monsters are visible.
You are frail without blood (-20% HP).
You can heal yourself when you bite living creatures.
You are immune to poison.
You have razor-sharp teeth.
You have supernaturally acute eyesight. (SInv)
You are afflicted with vampirism and can become a bat while bloodless.


Message History

Press: ? - help, Shift-Dir - straight line, f - kobold
Aim: a kobold, wielding a +0 whip (chance to affect: 64%)
The kobold looks drowsy...
The rat bites you but does no damage.
The helpless kobold fails to defend itself.
You bite the kobold, and draw its blood!
You impale the kobold!!
You kill the kobold!
Terence the Incautious comes into view.
He is wielding a +0 falchion.
The rat closely misses you.
Casting: Ensorcelled Hibernation (safe; 7% risk of failure)
Confirm with . or Enter, or press ? or * to list all spells.
Aiming: Ensorcelled Hibernation (safe; 7% risk of failure)
Press: ? - help, Shift-Dir - straight line, f - rat
Aim: a rat (chance to affect: 64%)
The rat looks drowsy...
Terence shouts!
The helpless rat fails to defend itself.
You bite the rat, and draw its blood! You impale the rat!!
You kill the rat!
Casting: Ensorcelled Hibernation (safe; 7% risk of failure)
Confirm with . or Enter, or press ? or * to list all spells.
Aiming: Ensorcelled Hibernation (safe; 7% risk of failure)
Press: ? - help, Shift-Dir - straight line, f - orc
Aim: an orc, wielding a +0 club (chance to affect: 64%)
The orc struggles to resist.
The orc hits you with a +0 club.
You closely miss the orc. The ball python barely misses you. x2
The orc closely misses you. The orc barely misses you.
The ball python bites you but does no damage.
The ball python barely misses you. The orc attacks as it pursues you!
The orc closely misses you.
The ball python attacks as it pursues you!
The ball python barely misses you.
Ijyb zaps a wand.
The bolt of dispelling energy hits the ball python!!
The ball python dies!
The bolt of dispelling energy hits you!!
Ouch! That really hurt!
You die...
Ijyb screams, "Time for next experiment!"

+.####+####.....#
#...##.##<......#.
#....#.##.........
#...............#
#.....).........#
#..........#..."# +##
#...............# ##..#
####....##.....######ß..#
#.....+.$...@..@...)#
##.†...#.....#.o†.g.†#
#......#.....######ß..#
#.######....... ##..# #.#
#.......# '## #.#
#.......# ..
#.############## ...
#...[...# ###.
#.).....#####


You could see Ijyb, Terence and an orc.

Vanquished Creatures
  An orc priest (D:2)
  4 adders
  A shadow imp (D:3)
  A dart slug (D:2)
  3 orcs (D:2)
  3 ball pythons
  3 endoplasms (D:1)
  A giant cockroach (D:1)
  5 goblins
  6 hobgoblins
  7 jackals (D:2)
  12 kobolds
  2 quokkas
  2 bats
  2 frilled lizards
  4 rats
57 creatures vanquished.

Vanquished Creatures (others)
  A ball python (D:3)
1 creature vanquished.

Grand Total: 58 creatures vanquished

Notes
Turn   | Place    | Note
-------+----------+-------------------------------------------
     0 | D:1      | Alarak the Vampire Enchanter began the quest for the Orb.
     0 | D:1      | Reached XP level 1. HP: 13/13 MP: 3/3
   191 | D:1      | Reached skill level 5 in Stealth
   252 | D:1      | Reached XP level 2. HP: 9/15 MP: 5/5
   280 | D:1      | Learned a level 2 spell: Ensorcelled Hibernation
   522 | D:1      | Reached skill level 1 in Ice Magic
  1216 | D:2      | Gained mutation: You are afflicted with vampirism and can
                  | become a bat while bloodless. [Vampire growth]
  1216 | D:2      | Reached XP level 3. HP: 19/19 MP: 6/6
  1296 | D:2      | Reached skill level 6 in Stealth
  1534 | D:2      | Reached XP level 4. HP: 24/24 MP: 2/7
  1677 | D:2      | Reached skill level 7 in Stealth
  2056 | D:3      | Noticed Ijyb
  2209 | D:3      | Reached XP level 5. HP: 28/28 MP: 5/8
  2270 | D:3      | Noticed Terence
  2280 | D:3      | Killed from afar by Ijyb

Illustrated notes

Levels and vault maps discovered:
D:1:      dpeg_arrival_simpleton_a, layout_basic, serial_bayou_lake_a
D:2:      cheibrodos_pilgrimage, layout_loops_ring, minivault_23,
          lexackson_kobold_supper
D:3:      minmay_chambers_of_twos, layout_basic, tgw_trog,
          basic_ecumenical_altar, uniq_ijyb, uniq_terence, uniq_jessica

Skill      XL: |  1  2  3  4 |
---------------+-------------+-----
Stealth        | 5 6 7 |  7.1
Ice Magic      | 1 2 |  2.0
Short Blades   | 2 |  2.3
Dodging        | |  2.1
Spellcasting   | |  2.0
Hexes          | |  4.8

Action                     |  1- 3 |  4- 6 || total
---------------------------+-------+-------++-------
  Melee: Dagger            |   106 |    15 ||   121
         Bite              |     6 |       ||     6
   Cast: Ensorcelled Hiber |    15 |     9 ||    24
Ability: Exsanguinate      |     1 |       ||     1
    Use: Scroll            |     2 |       ||     2
   Stab: Sleeping          |    30 |    11 ||    41
         Distracted        |     1 |       ||     1
 Armour: Robe              |    28 |     8 ||    36
  Dodge: Dodged            |    26 |    13 ||    39
  Block: Other             |    13 |       ||    13

Table legend: (Time is in decaauts)
 A = Elapsed time spent in this place.
 B = Non-inter-level travel time spent in this place.
 C = Inter-level travel time spent in this place.
 D = Time resting spent in this place.
 E = Time spent auto-exploring this place.
 F = Levels seen in this place.
 G = Mean time per level.
                   A        B        C        D        E       F      G
               +--------+--------+--------+--------+--------+-----+--------+
         Total |   2314 |   2181 |    133 |    231 |   1479 |   3 |  771.3 |
       Dungeon |   2314 |   2181 |    133 |    231 |   1479 |   3 |  771.3 |
               +--------+--------+--------+--------+--------+-----+--------+

Top non-repeatable levels by time:
     D:2: 1119 daAuts
     D:1: 1087 daAuts
     D:3: 106 daAuts
